tsadok, neutral female human Valkyrie ---- --- --- ----- ---- --- |..--- .. |.| |... ... |.--- --- --....| .. |.| |.. ... |...| . --.....--.- |.| +..- .. |...--- . |.......|.| |.| |..| -.. --+---+--.....|-.- |.........| |.-----..| |..--+---+-.....[...---+--.| |.........| |.. ....| +........)....-----..|-....| ------ -........-- |.. ....| |......--+-...| |..|.....----|....-- -........| |.- -...| -+------..{...| |...+ |@.|.|......--.....| |.....<- ---.| +...| |.............| |...| |@.|---.--.........| ---- --....--- |...| |...| --+-.....---|-------------.-| ------......-| |..| |.....| ---.|.----...--+-- |..-+-|..................| --......-- |..|--.---.--|...|...|........| |..| -----....--------- | |.......| |.-|...| --..|.--|...|..#....)----..| +....|......| ----...-- |.||.--- |.....-|.[.|-....{........| |....+...._.| --..| |.--.| --......|...--).|....#.....--------....|...[..| --.| |....| |.......|.......--...................[.-------- |.| ---..| |........--........---......................| --.| ---- ----..|.--|..--...-- |..|....--....|...-- .-- |..| ------ --------- ------.----..---..| -- |..| --- ---- ---- ---- tsadok the Skirmisher Experience level: 5 Strength: 17 Dexterity: 17 Constitution: 14 Intelligence: 11 Wisdom: 8 Charisma: 13 Health: 0(36) Energy: 7(7) Def: 11 Gold: 236 Moves: 1336 Dungeon seed: QlifOIr7e4tTNvj4 Game ID: tsadok_1429882398 Your Inventory: Coins $ - 236 gold pieces Weapons a - an uncursed +1 spear (weapon in hand) c - 3 uncursed +0 spears (in quiver) f - an uncursed +0 dagger (alternate weapon; not wielded) Armor e - an uncursed burnt +3 small shield (being worn) n - an uncursed +1 studded leather armor (being worn) q - an uncursed +0 pair of speed boots (being worn) N - an uncursed +1 pair of leather gloves Y - an uncursed +1 dwarvish iron helm (being worn) Comestibles g - 2 uncursed lichen corpses j - 2 uncursed tripe rations x - 4 uncursed oranges A - an uncursed food ration Potions u - a blessed potion of sickness w - an uncursed potion of water Tools k - an uncursed lock pick t - an uncursed +0 pick-axe z - an uncursed blindfold L - an uncursed oil lamp (0:1431) Gems r - an uncursed amber stone y - an uncursed worthless piece of violet glass Spells known in the end: Name Level Category Fail Memory Your skills at the end: Fighting Skills Weapon Skills dagger [Basic] spear [Basic] Spellcasting Skills Final Attributes: You had strayed. You were cold resistant. You were stealthy. You could fly. You were very fast. You were unlucky. You are dead. Vanquished creatures: a watchman 4 gnome lords a gnomish wizard 6 dwarves a homunculus an acid blob 12 gnomes a gnome zombie 2 geckos 7 jackals 2 sewer rats 4 grid bugs a bat 4 lichens a kobold zombie 3 newts 51 creatures vanquished. Voluntary challenges: You used a wielded weapon 49 times, starting on turn 110. You read items or engraved 2 times, starting on turn 1133. You never genocided any monsters. You never polymorphed an object. You never changed form. You used no wishes. You never split a pudding. You never wrote Elbereth's name. You violated your moral code, losing 17 points of alignment, starting on turn 1303. Dungeon overview: The Dungeons of Doom: levels 1 to 4 Level 1 a long staircase Level 2 a general store, a fountain, a sink Level 3 a fountain Level 4 a fountain stairs to The Gnomish Mines The Gnomish Mines: levels 5 to 7 Level 5 stairs to The Dungeons of Doom Level 6 Level 7 <- You were here a temple to Odin , some fountains, some trees History has recorded: On T:1 you entered the Dungeons of Doom to retrieve the Amulet of Yendor! On T:396 you reached level 2 of The Dungeons of Doom. On T:470 you reached level 3 of The Dungeons of Doom. On T:876 you reached level 4 of The Dungeons of Doom. On T:1058 you reached level 1 of The Gnomish Mines. On T:1098 you advanced to experience level 2. On T:1107 you advanced to experience level 3. On T:1128 you advanced to experience level 4. On T:1128 you reached level 2 of The Gnomish Mines. On T:1202 you reached level 3 of The Gnomish Mines. On T:1282 you advanced to experience level 5. Score breakdown: Gold: 236 ( 8078 points) Experience: 5 levels (11141 points) Exploration: 7 levels ( 14.58%) (10718 points) Discoveries: 5 items ( 2.03%) ( 4276 points) Valuables value: (no points given unless you survive) Artifact value: 0 ( 0 points) Variety of kills: 16 monsters ( 4.22%) ( 6163 points) Time penalty: 1336 turns ( 0 points) Survival: died (score multiplied by 80%) Total score: 32300 Latest messages: You miss the watch captain. The watch captain swings her silver saber. The watch captain hits! The watch captain swings her silver saber. The watch captain hits! You die... Final status: Farvel tsadok the Valkyrie, killed by a watch captain... You died in The Gnomish Mines on dungeon level 7 with 32300 points, and 236 pieces of gold, after 1336 moves. You were level 5 with a maximum of 36 hit points when you died.